[Event "ChessKid Cup Div-III 2023"]
[Site "Online"]
[Date "2023.05.23"]
[Round "52.1"]
[White "Tari, Aryan"]
[Black "Raja Harshit"]
[Result "0-1"]
[ECO "A28"]
[WhiteElo "2642"]
[BlackElo "2515"]
[Annotator "TA"]
[PlyCount "100"]
[EventDate "2023.05.21"]
[EventType "k.o."]
[EventCountry "NET"]
[SourceTitle "playchess.com"]
[Source "ChessBase"]
[SourceQuality "1"]
[TimeControl "900+3"]

1. c4 Nf6 2. Nc3 e5 3. Nf3 Nc6 4. e3 g6 5. d4 exd4 6. exd4 {[%emt 0:00:03] A28: English Opening: Four Knights Variation.} d5 7. Bg5 {[%emt 0:00:14] And now cxd5 would win.} Be7 $1 8. Bxf6 {[%emt 0:02:42] White is slightly better.} Bxf6 9. cxd5 Ne7 (9... Qe7+ 10. Be2 Nb8 11. Rc1 $16) 10. Bb5+ {[%emt 0:00:24][%cal Bf1b5,Bb5d3,Bd3b1][%mdl 32] [#]} Kf8 $146 ({Predecessor:} 10... Bd7 11. Qb3 O-O 12. O-O Bxb5 13. Qxb5 Rb8 14. Rfe1 a6 15. Qb3 Nf5 16. Rad1 Re8 {1-0 Yilmaz,M (2631)-Tanaka,T (2106) Titled Tuesday intern op 04th Jan blitz 2022 (1)}) 11. Qb3 Kg7 12. O-O Nf5 13. Rad1 a6 14. Bd3 Re8 15. Bb1 Nd6 16. h3 {[%emt 0:00:06] Repels Bg4} b5 17. Rfe1 Rxe1+ 18. Rxe1 Nf5 (18... Bf5 $14) 19. Bxf5 $16 Bxf5 20. Ne5 $1 h5 21. Ne4 (21. Ne2 $16) 21... Bxe4 $11 22. Rxe4 Qd6 $1 23. Nc6 h4 $1 24. a3 Rh8 25. Ne5 (25. Re5 $14) 25... Rd8 26. Qc3 Qxd5 27. Qxc7 Re8 28. f3 Re7 29. Qc3 Re6 30. Qe3 Rd6 (30... Bd8 $5 31. Ng4 Bg5 $11) 31. Qf4 Bd8 32. Ng4 {[%emt 0:00:46] White threatens Qh6+ and mate.} (32. Nxf7 $5 Rf6 $8 33. Qh6+ (33. Qxh4 $2 Rxf7 34. Qg3 Bb6 $19) (33. Qg5 Qxf7 34. Rxh4 Kg8 $17) 33... Kxf7 34. Qh8 $11 (34. Qxh4 Kg7 $17) (34. Rxh4 Re6 $17)) 32... Bg5 {[%emt 0:00:05] Prevents Qh6+} 33. Qe5+ Qxe5 34. dxe5 {[%emt 0:00:00][%mdl 4096] Endgame KRB-KRN} (34. Nxe5 f5 35. Re2 Rxd4 $15) 34... Rd1+ 35. Kh2 (35. Kf2 $11) 35... Bc1 36. f4 $2 (36. b4 $1 $15) 36... Bxb2 $19 37. e6 fxe6 (37... Bxa3 38. e7 Bxe7 39. Rxe7 $16) (37... Rd4 38. Rxd4 fxe6 39. Rd7+ Kg8 40. Ra7 $18) 38. Rxe6 Bc1 (38... Bxa3 $2 {loses.} 39. Nf2 Rd6 40. Re7+ Kf6 41. Rh7 $19) 39. Re7+ Kf8 40. Re4 Rf1 41. g3 Rf3 42. gxh4 Rxa3 ({Inferior is} 42... Bxa3 43. Ne5 Rb3 44. Nxg6+ Kg7 45. Ne5 $11) ({Worse is} 42... Bxf4+ 43. Kg2 Rg3+ 44. Kf2 $17) 43. Ne5 Ra4 (43... Kg7 $19 44. Kg2 Kf6) 44. Nxg6+ $15 {[%emt 0:00:02] [#]} Kg7 (44... Kf7 $1 $17 45. Re1 Bxf4+ 46. Nxf4 Rxf4) 45. Re6 $11 b4 46. f5 {[%emt 0:00:01] [#]} (46. h5 $1 $11 {keeps the balance.}) 46... b3 ({Better is} 46... Ra5 $1 $17 {Strongly threatening ...b3.} 47. h5 Rxf5 48. Rxa6 b3) 47. Rb6 $15 b2 (47... Ra3 $1 $15 48. h5 Bb2) 48. f6+ $2 (48. h5 $11 Kh6 49. f6 Kxh5 50. f7) 48... Kxg6 $19 {[%emt 0:00:02] Black is clearly winning.} 49. h5+ Kf7 50. h6 Rh4 {[%emt 0:00:02] Weighted Error Value: White=0.35/Black=0.20 (precise)} (50... Bf4+ $142 51. Kg2 Be5) 0-1

[Event "ChessKid Cup Div-III 2023"]
[Site "Online"]
[Date "2023.05.23"]
[Round "52.1"]
[White "Chigaev, Maksim"]
[Black "Navara, David"]
[Result "1/2-1/2"]
[ECO "A28"]
[WhiteElo "2628"]
[BlackElo "2678"]
[Annotator "TA"]
[PlyCount "87"]
[EventDate "2023.05.21"]
[EventType "k.o."]
[EventCountry "NET"]
[SourceTitle "playchess.com"]
[Source "ChessBase"]
[SourceQuality "1"]
[TimeControl "900+3"]

1. c4 e5 2. Nc3 Nf6 3. Nf3 Nc6 4. a3 d5 5. cxd5 Nxd5 6. Qc2 Be7 7. e3 O-O 8. Be2 Be6 9. O-O f5 10. d3 Kh8 {[%emt 0:00:35] A28: English Opening: Four Knights Variation.} 11. Nxd5 {[%emt 0:00:10] [#]} Qxd5 $146 ({Predecessor:} 11... Bxd5 12. b4 e4 13. dxe4 Bxe4 14. Qb3 Bd5 15. Qc2 Be4 16. Qb3 Bd5 17. Qc2 {½-½ Grischuk,A (2792)-Safarli,E (2649) Wch Rapid Dubai 2014 (4)}) 12. b4 a5 13. e4 Qb3 14. Qxb3 Bxb3 15. b5 fxe4 {[%emt 0:02:57][%mdl 64] [#] Discovered Attack} 16. dxe4 (16. bxc6 $11 {keeps the balance.} exf3 17. Bxf3) 16... Nd4 $17 17. Nxd4 exd4 18. Bb2 {[%emt 0:00:00] White is weak on the dark squares} Bc5 (18... d3 $1 $15 19. Bd1 (19. Bxd3 Rad8 $17) 19... Be6) 19. Bd3 $11 a4 20. Rac1 Bb6 21. f4 Rac8 22. f5 (22. g3 $11) 22... c5 $17 23. bxc6 bxc6 24. Kf2 ({White should play} 24. e5) 24... c5 {[%emt 0:00:11] aiming for ...c4.} 25. Bc4 Rfe8 26. Kf3 Ba5 (26... h5 $17 27. g3 Rb8) 27. Bxb3 $1 $11 axb3 28. Rc4 $1 Kg8 29. Rfc1 Bd2 30. Rd1 Ba5 $36 {[%emt 0:00:44][%mdl 2048] Black is pushing.} 31. g4 Red8 32. e5 (32. Rd3 $2 Bc3 33. Bc1 (33. Bxc3 $2 dxc3 34. Re3 Rd1 $19) 33... b2 34. Bxb2 Bxb2 $19) 32... Bc3 33. Rb1 (33. Bxc3 $2 dxc3 34. Rxd8+ Rxd8 35. Rxc3 b2 $19) 33... Bxb2 34. Rxb2 {[%emt 0:00:01][%mdl 4096] Endgame KRR-KRR} d3 35. Ke3 (35. Rxb3 $2 d2 36. Rb1 d1=Q+ $19) 35... Rd5 36. e6 {[%emt 0:01:15][%mdl 8192] [#]} (36. Rxb3 $2 d2 37. Rb1 d1=Q $19) (36. Kd2 $11 {and White stays safe.}) 36... Rcd8 $2 ({Better is} 36... Re5+ $1 $19 37. Kf4 (37. Kxd3 $2 {leads to mate.} Rd8+) 37... Re1) 37. Kd2 {[%emt 0:01:19] The position is equal.} (37. Rxb3 $2 {loses.} d2 38. Rb1 Re5+ 39. Kf2 (39. Kf4 $2 Re1 $19) 39... d1=Q $19) 37... Re5 38. Rxb3 Re2+ 39. Kd1 {[%emt 0:00:00][%cal Ob3d3] Black must now prevent Rxd3!} Rxh2 {[%emt 0:00:00] ...d2 would be deadly.} 40. e7 Rh1+ 41. Kd2 Rh2+ 42. Kd1 Rh1+ 43. Kd2 Rh2+ 44. Kd1 {[%emt 0:00:00] Weighted Error Value: White=0.26 (precise) /Black=0.20 (precise)} 1/2-1/2

[Event "ChessKid Cup Div-III 2023"]
[Site "Online"]
[Date "2023.05.23"]
[Round "52.1"]
[White "Bok, Benjamin"]
[Black "Vaibhav, Suri"]
[Result "1-0"]
[ECO "A13"]
[WhiteElo "2607"]
[BlackElo "2595"]
[Annotator "TA"]
[PlyCount "97"]
[EventDate "2023.05.21"]
[EventType "k.o."]
[EventCountry "NET"]
[SourceTitle "playchess.com"]
[Source "ChessBase"]
[SourceQuality "1"]
[TimeControl "900+3"]

1. c4 e6 2. g3 d5 3. Bg2 Nf6 4. Nf3 dxc4 5. Qa4+ Nbd7 6. Qxc4 c5 7. d3 {[%emt 0:00:02] 7.Qb3 is vanishing.} a6 8. Qb3 Ra7 9. O-O {[%emt 0:00:09] A13: English Opening: 1...e6.} b6 10. a4 Bb7 11. Na3 {[%emt 0:00:10] White has an edge.} Be7 12. Nc4 O-O 13. e4 Bc6 14. h3 {[%emt 0:00:08] [#]} h6 $146 ({Predecessor:} 14... Rb7 15. Be3 Rb8 16. Nfe5 Nxe5 17. Nxe5 Ba8 18. f4 Qc7 19. Qc3 Nd7 20. Ng4 b5 21. axb5 axb5 {1-0 Demina,J (2365)-Markov,S (2115) YUG-chT (Women) 1993 (5)}) 15. Be3 Rb7 16. Rfd1 Qa8 17. Nfe5 Nxe5 18. Nxe5 Be8 19. d4 {[%emt 0:00:01] White is much more active. The black rooks are badly placed.} cxd4 20. Bxd4 b5 21. a5 Rc7 (21... Bd7 $16 {was necessary.}) 22. Bb6 $18 Rc8 {[%emt 0:00:08] [#]} 23. Ng6 $1 {[%emt 0:02:40][%mdl 576] Deflection} fxg6 24. Qxe6+ Bf7 (24... Rf7 $2 25. e5 Rc6 26. Bxc6 (26. exf6 Rxe6 27. Bxa8 Rfxf6 $18) 26... Qxc6 27. Qxc6 Bxc6 28. exf6 Rxf6 29. Bd8) 25. Qxe7 Rfe8 26. Qa3 Nxe4 27. Rd7 {[%emt 0:03:30] Hoping for Re1.} Qc6 28. Rad1 (28. Qd3 $18 {Strongly threatening Rd4.} Qc2 29. Re1 Qxd3 30. Rxd3) 28... Qc2 $16 29. Qf3 (29. Qd3 $16) 29... Nf6 {[%emt 0:00:20] A mistake that costs the game.} (29... Be6 $14) 30. Ra7 $40 {[%emt 0:00:11][%mdl 128] White has strong attack.} (30. Rxf7 Kxf7 31. Rd6 Kg8 $11) 30... Bc4 $2 (30... Qxb2 31. Bd4 (31. Rxa6 Bb3 $14) 31... Qb3) 31. Kh2 {[%emt 0:00:34][%cal Of3b7] Qb7! would be deadly.} (31. Rxa6 $2 Be2 $19) 31... Rf8 {[%emt 0:00:48] [#]} 32. Qb7 $1 {[%emt 0:00:17][%csl Ga7][%cal Rb7g7][%mdl 64] Double Attack} Bf7 33. Re1 Rb8 (33... Qc4 $142 34. Re7 (34. Rxa6 Nd5 $18) 34... h5 35. Rxa6 h4) 34. Qxa6 $18 Qxb2 35. Ree7 Rbe8 36. Qb7 Qb3 37. a6 {[%emt 0:00:20] aiming for Rxe8.} Rxe7 38. Qxe7 Nd5 39. Qd6 Nxb6 40. Qxb6 b4 41. Rc7 {[%emt 0:00:10] White threatens a7 and mate.} Bd5 42. Qd4 {[%emt 0:00:09][%csl Gc7][%cal Rd4g7] White mates.} Bf7 43. a7 Qa3 {[%emt 0:00:04] [#]} 44. Rxf7 $1 {[%emt 0:00:08][%mdl 576] Remove Defender, Promotion} Kxf7 (44... Rxf7 45. a8=Q+) 45. Bd5+ {[%emt 0:00:01][%mdl 64] Deflection} Ke7 46. Qe5+ Kd7 47. Qe6+ Kc7 48. Qc6+ ({Worse is} 48. Qxg6 Rxf2+ 49. Kg1 Qxa7 50. Qc6+ Kd8 51. Qd6+ Ke8 52. Qe6+ (52. Bc6+ Kf7 $11) 52... Kf8 53. Qg8+ Ke7 54. Qe6+ Kf8 55. Qg8+ Ke7 56. Qe6+ Kf8 $11) 48... Kd8 49. a8=Q+ {[%emt 0:00:02] An entertaining game by Bok.   Weighted Error Value: White=0.15 (very precise) /Black=0.48} ({Weaker is} 49. a8=B Rxf2+ 50. Bg2 Rxg2+ 51. Qxg2 Qc3 $18) 1-0

[Event "ChessKid Cup Div-III 2023"]
[Site "Online"]
[Date "2023.05.23"]
[Round "52.1"]
[White "Harshavardhan G B"]
[Black "Donchenko, Alexander"]
[Result "0-1"]
[ECO "D16"]
[WhiteElo "2408"]
[BlackElo "2669"]
[Annotator "TA"]
[PlyCount "122"]
[EventDate "2023.05.21"]
[EventType "k.o."]
[EventCountry "NET"]
[SourceTitle "playchess.com"]
[Source "ChessBase"]
[SourceQuality "1"]
[TimeControl "900+3"]

1. d4 d5 2. c4 c6 3. Nf3 Nf6 4. Nc3 dxc4 5. a4 e6 6. e3 c5 7. Bxc4 cxd4 8. exd4 Nc6 9. O-O Be7 {[%emt 0:00:00] D16: Slav Defence: 5 a4: Lines with 5...Bg4 and 5...Na6.} 10. Qe2 O-O ({Don't take} 10... Nxd4 11. Nxd4 Qxd4 12. Nb5 $16) 11. Rd1 Nb4 {[%emt 0:00:07] The position is equal.} 12. a5 Bd7 13. Ne5 Rc8 14. Bg5 h6 15. Bh4 {[%emt 0:00:18] [#]} Nfd5 $146 ({Predecessor:} 15... Bc6 16. a6 bxa6 17. Bxa6 Rc7 18. Bg3 Nxa6 19. Rxa6 Be8 20. Nb5 Rb7 21. Nxa7 Qd5 {1-0 Xiong,J (2679)-Gledura,B (2645) chess.com Speed U20 blitz 2019 (2.5)}) 16. Bxe7 Qxe7 17. Nxd5 exd5 18. Nxd7 Qxd7 19. Bb5 Qd6 20. Rac1 {[%emt 0:00:12] Inhibits Nc2.} a6 21. Ba4 Nc6 22. Qd2 Ne7 23. h3 Rxc1 24. Rxc1 Rc8 25. Rxc8+ Nxc8 $11 {[%emt 0:00:00][%mdl 4096] Endgame KQB-KQN} 26. Qc3 Ne7 27. g3 g6 28. h4 Kg7 29. Bd1 Nc6 30. Bf3 Kf6 31. h5 g5 32. Kg2 Ke6 33. Bg4+ f5 34. Bd1 Qb4 {[%emt 0:00:19] Strongly threatening ...Qxc3.} 35. Qe3+ Kf7 $1 36. Qf3 Ne7 37. Bc2 Qxd4 ({Much less strong is} 37... Qxa5 38. Bxf5 Qe1 39. Bc8+ (39. Bg6+ Ke6 $16) 39... Ke8 40. Bxb7 $18) 38. Bxf5 {[%emt 0:00:49] Bg6+ is the strong threat.} Qf6 {[%emt 0:00:01] Repels Bg6+} 39. g4 Nxf5 40. Qxd5+ Qe6 41. Qf3 {[%emt 0:01:53][%mdl 64] Pin} Qc6 {[%emt 0:00:38] aiming for ...Qxf3+.} 42. Qxc6 {[%emt 0:00:18][%mdl 8192] This move loses the game for White.} (42. gxf5 $11 Kf6 43. Qxc6+ bxc6 44. Kg3 Kxf5 45. Kf3) 42... Nh4+ 43. Kg3 bxc6 {[%emt 0:00:00] KN-KP. Black mates.} 44. f4 Kf6 45. b4 {[%emt 0:00:03] [#]} Nf5+ $1 46. Kf3 (46. gxf5 Kxf5) 46... Nd4+ 47. Ke4 Nc2 48. fxg5+ Kxg5 49. Kd3 Nxb4+ {[%emt 0:00:01] KN-K3P} 50. Kc4 Nc2 51. Kc5 Kxg4 52. Kxc6 Kxh5 {[%emt 0:00:02] KN-KP} 53. Kb6 Na1 54. Kxa6 {[%emt 0:00:01] [#]} Nb3 $1 55. Kb5 {[%emt 0:00:01] [#]} Nxa5 $1 56. Kxa5 {[%emt 0:00:00] KP-K} (56. Kb4 Kg4) 56... Kg4 57. Kb4 h5 58. Kc3 h4 59. Kd2 h3 60. Ke1 h2 61. Kf2 h1=Q {[%emt 0:00:01] Weighted Error Value: White=0.27 (precise) /Black=0.01 (flawless)} 0-1

[Event "ChessKid Cup Div-III 2023"]
[Site "Online"]
[Date "2023.05.23"]
[Round "52.2"]
[White "Navara, David"]
[Black "Chigaev, Maksim"]
[Result "1-0"]
[ECO "C11"]
[WhiteElo "2678"]
[BlackElo "2628"]
[Annotator "TA"]
[PlyCount "89"]
[EventDate "2023.05.21"]
[EventType "k.o."]
[EventCountry "NET"]
[SourceTitle "playchess.com"]
[Source "ChessBase"]
[SourceQuality "1"]
[TimeControl "900+3"]

1. e4 e6 2. d4 d5 3. Nc3 Nf6 4. e5 Nfd7 5. f4 c5 6. Nf3 Nc6 7. Be3 Qb6 8. Na4 Qa5+ 9. c3 b6 10. Bd2 c4 11. b4 $1 Nxb4 {[%emt 0:00:01] C11: French: Classical System: 4 e5 and 4 Bg5 dxe4.} 12. cxb4 Bxb4 {[%emt 0:00:00] ...b5 would be deadly.} 13. Qc2 Bxd2+ {[%emt 0:00:03] White is slightly better.} 14. Nxd2 b5 15. Nc3 b4 16. Nd1 O-O 17. Be2 Nb8 $2 {[%emt 0:00:10] [#]} (17... Qb6 $14) 18. Nxc4 $1 $18 dxc4 {[%emt 0:00:25] [#]} 19. Bf3 {[%emt 0:00:00] [#] Prevents Bb7} Qb6 $146 {[%emt 0:00:04] aiming for ...Nc6.} (19... b3+ $2 20. Qd2 c3 21. Qxc3 $18) ({Predecessor:} 19... Nc6 20. Bxc6 Rb8 21. Qxc4 Ba6 22. Qc5 Qa3 23. Qc1 Qa5 24. Qd2 Rfd8 25. Bf3 Rbc8 {0-1 Hossain,E (2433)-Reefat,B (2417) BAN-ch 45th Dhaka 2019 (5)}) 20. Bxa8 Qxd4 21. Rc1 Qxf4 22. Qxc4 Qxe5+ 23. Qe4 Qb5 24. Qc4 Qe5+ 25. Qe4 (25. Kf2 $142 Qd6 26. Qxc8 Qd2+ 27. Kf1) 25... Qb5 $1 26. Ne3 Ba6 27. Nc4 {[%emt 0:01:43] And now 0-0 would win.} h6 $2 (27... b3) 28. O-O Nd7 29. Bc6 {[%emt 0:00:35] White is clearly winning.} Qc5+ 30. Ne3 Qe7 31. Rfd1 Nf6 32. Qe5 {[%emt 0:00:04] Threatens to win with Nf5.} Rc8 33. Nf5 Qc7 34. Qxc7 Rxc7 35. Nd6 Be2 36. Re1 Bh5 37. Bb5 Re7 38. Rc8+ Kh7 39. Rec1 Nd5 40. R1c5 {[%emt 0:00:07] Wards off Nc3} Bg6 41. Re8 Rc7 42. Rxc7 Nxc7 43. Re7 Nxb5 44. Nxb5 a5 45. Ra7 {[%emt 0:00:02] Weighted Error Value: White=0.27 (precise) /Black=0.32} 1-0

[Event "ChessKid Cup Div-III 2023"]
[Site "Online"]
[Date "2023.05.23"]
[Round "52.2"]
[White "Bluebaum, Matthias"]
[Black "Keymer, Vincent"]
[Result "1-0"]
[ECO "D02"]
[WhiteElo "2669"]
[BlackElo "2700"]
[Annotator "TA"]
[PlyCount "49"]
[EventDate "2023.05.21"]
[EventType "k.o."]
[EventCountry "NET"]
[SourceTitle "playchess.com"]
[Source "ChessBase"]
[SourceQuality "1"]
[TimeControl "900+3"]

1. d4 Nf6 2. Nf3 d5 3. Bf4 e6 4. e3 Bd6 5. Ne5 O-O 6. Nd2 c5 7. c3 {[%emt 0:00:01] D02: 1 d4 d5 2 Nf3 sidelines, including 2...Nf6 3 g3 and 2...Nf6 3 Bf4.} Qc7 {[%emt 0:00:02] Nowadays more popular than 7...Nc6.} 8. Bd3 b6 9. Qe2 $5 {[%emt 0:00:00][%mdl 4] The position is equal. Leaves trodden paths.} a5 10. h4 Nbd7 (10... Ba6 11. Bxa6 Nxa6 12. h5 h6 13. g4 Nh7 14. a4 Nb8 15. Bg3 Nc6 16. f4 f6 17. Ng6 Rf7 {1-0 Bluebaum,M (2639)-Keymer,V (2607) Titled Tuesday intern op 14th Sept blitz 2021 (9)}) 11. Ndf3 {[%emt 0:00:28] [#]} Ne4 $146 ({Predecessor:} 11... Bb7 12. h5 h6 13. g4 Ne4 14. Nxd7 Qxd7 15. Ne5 Bxe5 16. dxe5 a4 17. f3 c4 {1-0 Sevian,S (2687)-Gabrielian,A (2460) Speed Chess Q2 blitz 2022 (6)}) 12. Ng5 (12. Rd1 $5 ) 12... Nxe5 13. dxe5 Bxe5 14. Nxe4 (14. Qh5 $5 h6 $8 15. Nxe6 (15. Nxe4 Bxf4 16. exf4 dxe4 $15) 15... Bxe6 16. Qxe5 Qxe5 17. Bxe5 $11) 14... Bxf4 $2 {[%emt 0:02:44] [#] Black cannot hold the game after this.} (14... dxe4 $11 15. Bxe4 Ra7) 15. Ng5 $1 $18 ({Stronger than} 15. exf4 c4 16. Bc2 dxe4 $11) 15... h6 {[%emt 0:01:31] ...Bd6 would be deadly.} 16. exf4 $40 {[%emt 0:00:30][%mdl 128] White goes for the king.} Qxf4 17. Nf3 {[%emt 0:01:49] Prevents e5} c4 (17... f6 $142 18. h5 Rd8) 18. Bc2 e5 19. Qe3 ({Not} 19. Nxe5 Re8 20. O-O Rxe5 $17) ({Don't play} 19. Qxe5 $6 Qxe5+ 20. Nxe5 Re8 $16) 19... Qxe3+ 20. fxe3 f6 21. O-O-O Bb7 22. Bf5 {[%emt 0:00:44] Be6+ is the strong threat.} Rfd8 23. g4 Kf7 24. Rhf1 {[%emt 0:00:08][%cal Of3e5] Strongly threatening Nxe5+!} b5 $2 {[%emt 0:00:16] [#]} (24... Ke7 {was necessary.} 25. g5 Bc8) 25. Nxe5+ $1 {[%emt 0:00:13][%mdl 512] Weighted Error Value: White=0.05 (flawless) /Black=0.37} 1-0

[Event "ChessKid Cup Div-III 2023"]
[Site "Online"]
[Date "2023.05.23"]
[Round "52.2"]
[White "Donchenko, Alexander"]
[Black "Harshavardhan G B"]
[Result "1/2-1/2"]
[ECO "E14"]
[WhiteElo "2669"]
[BlackElo "2408"]
[Annotator "TA"]
[PlyCount "143"]
[EventDate "2023.05.21"]
[EventType "k.o."]
[EventCountry "NET"]
[SourceTitle "playchess.com"]
[Source "ChessBase"]
[SourceQuality "1"]
[TimeControl "900+3"]

1. d4 Nf6 2. Nf3 e6 3. c4 c5 4. e3 b6 5. d5 exd5 6. cxd5 {[%emt 0:00:00] E14: Queen's Indian: Classical Variation (4 e3).} g6 7. Nc3 a6 8. a4 {[%emt 0:00:44] White is slightly better.} d6 {[%emt 0:00:02] [#]} 9. Be2 $146 ({Predecessor:} 9. Nd2 Bg7 10. Nc4 O-O 11. Qb3 Nbd7 12. Nxd6 Ne5 13. Nxc8 Rxc8 14. Be2 c4 15. Qd1 {1-0 Vulevic,V (2314)-Jovanovic,M (2071) Belgrade-chT Quality 2008 (9)}) 9... Bg7 10. O-O O-O 11. Nd2 Nbd7 12. Nc4 Qe7 13. Re1 (13. Ra3 $5) 13... Rb8 14. e4 Ne8 15. Be3 Nc7 16. Qd2 Ne5 17. Nxe5 Bxe5 18. Bg5 Bf6 (18... Bxc3 19. bxc3 f6 20. Bh4 $16) 19. h4 $36 {[%emt 0:01:00][%mdl 2048] White fights for an advantage.} Bxg5 20. Qxg5 Re8 21. f4 b5 (21... f6 $14 22. Qg3 Kh8) 22. Qxe7 (22. e5 {feels hotter.} Qxg5 23. hxg5 dxe5 24. d6) 22... Rxe7 {[%emt 0:00:02] [#]} 23. e5 $1 Rd7 (23... dxe5 $2 24. d6 Rd7 25. dxc7 Rxc7 26. axb5 axb5 27. Bxb5 $18) 24. axb5 axb5 25. Ne4 Rd8 26. Rad1 {[%emt 0:01:03] White has more active pieces. The black rooks are badly placed.} (26. Red1 $16) 26... Ne8 $14 27. g4 dxe5 28. fxe5 Bb7 29. Bxb5 Bxd5 30. Bxe8 Bxe4 31. Rxd8 Rxd8 32. Bxf7+ Kxf7 33. Rxe4 $11 {[%emt 0:00:01][%mdl 4096] Endgame KR-KR} Ke6 34. Rc4 Kd5 35. Rc2 {[%emt 0:00:04] Intending Rd2+ and mate.} Re8 36. Rd2+ Ke4 37. Rd7 h5 38. gxh5 gxh5 39. b4 c4 40. Rc7 $2 (40. Kf1 $11) 40... Kd3 $1 $19 (40... Rxe5 41. Rxc4+ Kf3 42. Kh2 $11) 41. Rc5 {[%emt 0:00:14] [#]} c3 $1 42. b5 c2 43. b6 Rb8 44. Kf2 Rxb6 45. Kf3 Rb4 (45... Rb3 $142 46. Rxc2 Kxc2+ 47. Ke4 Rb4+ 48. Kf5 Rxh4 49. Kg5 Re4 50. Kxh5 Rxe5+ 51. Kh6 Kd3 52. Kg7 Ke4 53. Kg6 Rf5 54. Kg7 Kf4 55. Kh6 Rf6+ 56. Kg7 Kf5 57. Kh7 Rf7+ 58. Kh8 Kf6 59. Kg8 Kg6 60. Kh8 Rf8#) 46. e6 Rb6 (46... Rxh4 47. Rxc2 Rh1 48. Rc8 Rf1+ 49. Kg3 $11) 47. e7 {[%emt 0:00:01] [#]} Re6 $2 (47... Rb8 $1 $19 {Threatens to win with ...Kd2.} 48. Rc7 Kd2) 48. Rc7 $2 (48. Rd5+ $11 Kc3 49. Rc5+ Kb3 50. Rb5+ Kc4 51. Rb7) 48... Re1 $2 ({Not} 48... Rxe7 49. Rxe7 Kd4 50. Rc7 Kd3 51. Kf4 Kd2 52. Ke4 Kd1 53. Ke3 c1=Q+ 54. Rxc1+ Kxc1 55. Kf4) (48... Re3+ {mates} 49. Kf2 Rxe7 {[%mdl 64] Promotion} 50. Rxe7 c1=Q 51. Rd7+ Ke4 52. Re7+ Kf4 53. Re2 Qd1 54. Re8 Qd4+ 55. Kf1 Qc4+ 56. Ke1 Qb4+ 57. Kf2 Qc5+ 58. Ke1 Kf3 59. Kd2 Qd5+ 60. Ke1 Qa5+ 61. Kd1 Qa4+ 62. Kd2 Qxe8 63. Kc3 Qc6+ 64. Kb3 Ke3 65. Kb4 Kd3 66. Ka5 Qb7 67. Ka4 Kc4 68. Ka5 Qb5#) 49. Rd7+ $11 {[%emt 0:00:02] The position is equal.} Kc3 50. Rc7+ Kb2 (50... Kd2 $5 51. Rd7+ $8 Kc3 52. Rc7+ Kd3 53. Rd7+ Kc4 $11) 51. Rb7+ Kc1 52. Kf4 Re2 53. Kg5 Kd1 (53... Kd2 $5 54. Rd7+ $8 Kc3 55. Rc7+ Kb2 $11) 54. Rd7+ (54. Kxh5 c1=Q 55. e8=B Rxe8 56. Rf7 Qc5+ 57. Kh6 Qe5 58. Rd7+ Ke2 59. Kh7 Rh8+ 60. Kg6 Qe6+ 61. Kg5 Rg8+) 54... Ke1 55. Rc7 {[%emt 0:00:01][%cal Oc7c2] Rxc2! would be deadly.} (55. Kxh5 c1=Q 56. e8=B Rxe8 57. Rf7 Qe3 58. Rg7 Qf3+ 59. Kh6 Qf6+ 60. Kh7 Qf5+ 61. Rg6 Qh5+ 62. Kg7 Qh8+ 63. Kf7 Qf8#) 55... Kd2 {[%emt 0:00:25][%cal Oe2e7] Hoping for ...Rxe7!} 56. Rd7+ Kc3 (56... Ke1 $5 57. Rc7 $8 (57. Kxh5 c1=Q 58. e8=B Rxe8 59. Rf7 Qc6 60. Rg7 Qf3+ 61. Kh6 Qf6+ 62. Kh7 Qf5+ 63. Rg6 Qh5+ 64. Kg7 Qh8+ 65. Kf7 Qf8#) 57... Kd2 58. Rd7+ Kc3 59. Rc7+ Kd2 $11) 57. Rc7+ Kb3 58. Rb7+ Kc3 59. Rc7+ Kd2 60. Rd7+ Ke1 61. Rc7 {[%emt 0:00:01][%cal Oc7c2] Black must now prevent Rxc2!} (61. Kxh5 {leads to mate.} c1=Q 62. e8=B Rxe8 63. Rf7 Qe3 64. Kg6 Qg3+ 65. Kf6 Qe5+ 66. Kg6 Rg8+) 61... Kd1 {[%emt 0:00:00][%cal Oe2e7] And now ...Rxe7! would win.} 62. Rd7+ Kc1 (62... Ke1 $5 63. Rc7 $8 $11 (63. Kxh5 {is a self mate.} c1=Q 64. e8=B Qf4 65. Ra7 Re5+ 66. Kg6 Re6+ 67. Kh7 Qh6+ 68. Kg8 Rxe8+ 69. Kf7 Qe6+ 70. Kg7 Rg8+ 71. Kh7 Qg6#)) 63. Kxh5 Re4 64. Rc7 Kd2 65. Kg6 {[%emt 0:00:03] Kf6 is the strong threat.} Rxe7 {[%emt 0:00:06][%mdl 64] Promotion} 66. Rxc2+ Kxc2 {[%emt 0:00:00] KR-KP} 67. h5 Kd3 68. h6 Ke4 69. h7 Re8 70. Kg7 Kf5 71. h8=Q Rxh8 72. Kxh8 {[%emt 0:00:01] Black had all chances to win.   Weighted Error Value: White=0.40/Black=0.37} 1/2-1/2